Map: Gresvan LE

Players

Mree

  • Race: Protoss Protoss
  • League: Diamond
  • Spawn Location: 11:00

TerranYOUup - Winner!

  • Race: Terran Terran
  • League: Diamond
  • Spawn Location: 5:00

VOD

Have the link to the VOD?

Description

Time

  • Played on: March 3, 2023, 12:12 p.m.
  • Length: 24:21
Show
View Real Time Build Order
Export as new Build Order

Mree Protoss 

Build Orders: 1 Gate Expand, Blink Stalkers 

Get SALT Encoding   

  12  0:00  Probe  
  13  0:12  Probe  
  14  0:21  Pylon  
  14  0:24  Probe  
  15  0:39  Probe (Chrono Boost)  
  15  0:41  Gateway  
  16  0:47  Assimilator  
  17  0:50  Probe (Chrono Boost)  
  17  0:54  Probe (Chrono Boost)  
  18  1:05  Probe  
  19  1:17  Probe  
  20  1:28  Cybernetics Core  
  20  1:34  Probe  
  20  1:39  Nexus  
  21  1:41  Pylon  
  22  1:54  Probe  
  22  1:57  Assimilator  
  22  2:06  Probe  
  23  2:18  Probe  
  24  2:25  Stalker  
  24  2:29  Twilight Council  
  26  2:32  Probe  
  27  2:41  Warp Gate  
  27  2:44  Probe  
  28  2:52  Shield Battery, Probe  
  28  2:55  Stalker (Chrono Boost)  
  28  2:57  Probe  
  28  2:58  Blink (Chrono Boost)  
  32  3:04  Probe  
  33  3:09  Probe  
  34  3:16  Probe, Gateway  
  34  3:19  Stalker  
  35  3:21  Probe  
  38  3:28  Probe  
  38  3:32  Gateway  
  38  3:33  Probe  
  40  3:40  Probe  
  41  3:45  Probe, Pylon  
  42  3:50  Assimilator  
  42  3:51  Stalker  
  42  3:53  Probe  
  45  3:57  Probe  
  46  4:03  Pylon  
  46  4:05  Probe  
  46  4:07  Robotics Facility  
  46  4:09  Probe  
  46  4:30  Stalker, Gateway x2  
  48  4:33  Gateway  
  48  4:39  Shield Battery  
  48  4:41  Shield Battery  
  48  4:42  Pylon  
  48  4:46  Stalker x2  
  52  4:54  Stalker  
  54  5:06  Forge  
  54  5:09  Pylon  
  54  5:10  Stalker x2, Probe  
  59  5:15  Observer  
  59  5:17  Stalker  
  62  5:25  Stalker  
  62  5:26  Stalker  
  66  5:29  Stalker  
  66  5:35  Stalker, Protoss Ground Weapons Level 1 (Chrono Boost)  
  70  5:42  Probe x2  
  72  5:46  Assimilator  
  72  6:04  Stalker x2, Nexus  
  72  6:09  Pylon  
  66  6:19  Probe  
  61  6:26  Stalker  
  61  6:27  Stalker x3  
  61  6:29  Probe  
  66  6:34  Forge  
  66  6:38  Charge (Chrono Boost)  
  66  6:45  Gateway  
  66  6:51  Zealot, Gateway  
  66  6:52  Zealot  
  70  6:55  Zealot  
  70  6:57  Probe  
  73  7:02  Observer  
  73  7:03  Zealot x2  
  78  7:09  Protoss Ground Armor Level 1 (Chrono Boost)  
  78  7:10  Probe  
  78  7:13  Probe  
  80  7:16  Probe  
  80  7:18  Pylon  
  80  7:22  Protoss Ground Weapons Level 2 (Chrono Boost)  
  81  7:23  Probe  
  81  7:26  Probe  
  83  7:32  Zealot x2  
  83  7:34  Probe  
  83  7:35  Probe  
  89  7:38  Probe  
  89  7:43  Gateway  
  90  7:45  Pylon  
  90  7:49  Gateway  
  90  7:51  Zealot x2  
  90  7:57  Zealot x3  
  100  8:02  Zealot x2  
  104  8:06  Shield Battery  
  104  8:08  Observer  
  105  8:14  Zealot x2, Pylon  
  105  8:15  Zealot  
  111  8:28  Nexus, Pylon  
  111  8:30  Probe x2  
  111  8:34  Observer  
  114  8:37  Probe  
  115  8:43  Probe  
  115  8:45  Protoss Ground Armor Level 2 (Chrono Boost)  
  116  8:49  Assimilator  
  116  8:50  Zealot  
  116  8:51  Zealot x3  
  116  8:52  Assimilator  
  116  8:54  Probe  
  125  8:58  Probe  
  126  9:06  Protoss Ground Weapons Level 3 (Chrono Boost)  
  126  9:15  Probe x2  
  128  9:20  Templar Archives, Probe  
  128  9:21  Forge  
  128  9:25  Assimilator  
  128  9:27  Probe  
  128  9:30  Assimilator  
  129  9:32  Immortal  
  133  9:39  Nexus  
  127  9:52  Protoss Shields Level 1 (Chrono Boost)  
  81  10:01  Templar Archives  
  81  10:05  High Templar  
  81  10:06  High Templar x4  
  91  10:09  Probe  
  91  10:11  Immortal, Probe  
  91  10:12  Probe x2  
  99  10:18  Assimilator  
  99  10:19  Nexus, Assimilator  
  100  10:21  Probe  
  100  10:23  Probe  
  100  10:26  Probe  
  100  10:27  Probe  
  103  10:30  Robotics Facility  
  103  10:32  Robotics Facility  
  103  10:36  High Templar  
  103  10:37  High Templar  
  103  10:42  High Templar  
  109  10:43  Protoss Ground Armor Level 3 (Chrono Boost)  
  109  10:47  Probe x4  
  113  10:59  Probe x3  
  113  11:01  Nexus  
  113  11:02  Probe  
  117  11:04  Probe  
  118  11:12  High Templar x3  
  118  11:14  Probe  
  118  11:15  Archon x3  
  124  11:19  Archon  
  124  11:22  Archon, High Templar  
  126  11:26  Immortal x2, Probe  
  126  11:31  Assimilator  
  126  11:32  Probe x4  
  139  11:35  Assimilator  
  139  11:42  Probe x2  
  139  11:44  Probe  
  141  11:50  Archon  
  135  11:55  Immortal (Chrono Boost)  
  137  12:03  High Templar x4  
  152  12:15  Immortal (Chrono Boost)  
  151  12:16  High Templar  
  151  12:17  Archon x2  
  151  12:25  Protoss Shields Level 2 (Chrono Boost)  
  151  12:26  High Templar x2  
  151  12:27  Assimilator  
  151  12:28  Assimilator  
  151  12:29  Zealot  
  157  12:30  Archon  
  157  12:34  Pylon x2  
  157  12:35  Pylon  
  157  12:36  Pylon  
  152  12:45  Nexus  
  143  12:53  Nexus  
  143  12:59  High Templar x4  
  143  13:05  Archon  
  150  13:06  Archon  
  150  13:08  High Templar  
  150  13:09  Zealot  
  154  13:13  Archon  
  112  13:34  Zealot x3  
  112  13:35  Zealot x6  
  124  13:41  Gateway  
  124  13:43  Probe  
  124  13:45  Probe  
  124  13:47  Gateway  
  126  13:50  Zealot  
  126  13:55  Probe  
  129  14:01  Zealot x2  
  129  14:02  Zealot x5, Gateway  
  143  14:04  Gateway  
  143  14:05  Zealot  
  143  14:06  Gateway  
  143  14:07  Probe  
  143  14:09  Gateway  
  145  14:12  Zealot x2  
  145  14:16  Pylon  
  149  14:23  Zealot x4  
  113  14:44  Zealot x2  
  113  14:45  Zealot x8  
  127  14:53  Probe  
  128  15:05  Probe (Chrono Boost)  
  129  15:08  Nexus  
  129  15:17  Protoss Shields Level 3 (Chrono Boost)  
  129  15:18  Probe (Chrono Boost)  
  130  15:23  Nexus  
  130  15:27  Probe x2 (Chrono Boost), Assimilator  
  130  15:28  Probe (Chrono Boost)  
  133  15:30  Pylon  
  133  15:32  Probe  
  133  15:34  Probe  
  133  15:35  High Templar x4  
  139  15:36  Probe, High Templar x4  
  139  15:37  High Templar x5  
  139  15:38  High Templar x2  
  139  15:40  Archon x3  
  139  15:41  Archon x4  
  166  15:44  Probe  
  166  15:46  Probe  
  166  15:48  Probe  
  162  16:01  Gateway  
  161  16:05  Gateway  
  161  16:06  Observer, Gateway  
  161  16:08  Gateway  
  161  16:09  Pylon x2  
  161  16:10  Probe  
  161  16:11  Probe x3  
  166  16:12  Assimilator  
  166  16:16  Assimilator  
  166  16:23  Probe x4  
  170  16:32  Pylon  
  170  16:35  Probe  
  170  16:38  High Templar  
  170  16:39  High Templar x5  
  183  16:40  High Templar x2  
  183  16:43  Archon x3  
  183  16:44  Archon  
  187  16:47  Probe  
  188  16:58  High Templar  
  188  16:59  Probe  
  191  17:02  Probe x3  
  191  17:03  Probe  
  191  17:11  Probe  
  191  17:13  Immortal  
  191  17:14  Probe  
  149  17:23  Probe x4  
  149  17:26  Probe  
  149  17:40  Archon  
  149  17:43  Probe x4  
  153  17:45  Robotics Facility  
  153  17:46  Robotics Facility  
  153  17:48  Probe  
  153  17:49  Immortal (Chrono Boost), Robotics Facility  
  154  17:57  Dark Shrine  
  158  18:00  Nexus  
  158  18:03  Pylon  
  158  18:05  Pylon  
  158  18:07  Probe (Chrono Boost), Nexus  
  158  18:08  Pylon  
  158  18:12  Probe x4 (Chrono Boost)  
  163  18:17  Probe (Chrono Boost)  
  164  18:20  Nexus  
  164  18:21  Probe x2 (Chrono Boost), Immortal, Photon Cannon x2  
  164  18:24  Stargate, Photon Cannon  
  164  18:25  Photon Cannon  
  168  18:27  Stargate  
  168  18:30  Pylon  
  168  18:31  Zealot  
  168  18:32  Zealot x10  
  168  18:33  Zealot x2  
  194  18:43  Pylon  
  194  18:45  Pylon x2  
  194  18:49  Assimilator  
  194  18:53  Photon Cannon  
  194  18:54  Photon Cannon  
  193  18:57  Photon Cannon  
  193  18:59  Pylon x2, Photon Cannon  
  117  19:25  Photon Cannon  
  117  19:26  Shield Battery  
  117  19:31  Shield Battery  
  112  19:33  Stalker x4  
  112  19:37  Stalker x12  
  112  19:38  Stalker x3  
  115  19:53  Photon Cannon  
  115  19:55  Photon Cannon  
  115  19:57  Stalker x4  
  109  20:07  Stalker x8  
  109  20:08  Stalker x7  
  138  20:17  Assimilator  
  138  20:20  Pylon  
  138  20:22  Observer x2  
  90  20:51  Stalker  
  90  20:52  Stalker x12  
  90  20:53  Stalker x4  
  128  21:04  Void Ray (Chrono Boost)  
  132  21:12  Void Ray (Chrono Boost)  
  94  21:37  Nexus  
  97  21:41  Void Ray (Chrono Boost)  
  97  21:45  Void Ray (Chrono Boost)  
  101  22:01  Dark Templar x3  
  111  22:20  Void Ray  
  110  22:30  Dark Templar  
  110  22:31  Dark Templar  
  110  22:33  Nexus  
  104  22:40  Nexus  
  80  22:58  Probe x3  
  71  23:10  Probe  
  77  23:20  Probe x2  
  77  23:22  Probe, Void Ray  
  77  23:23  Nexus, Assimilator, Void Ray  
  77  23:26  Pylon  
  77  23:27  Assimilator  
  70  23:42  Probe x3  
  73  23:51  Probe  
  73  23:54  Probe  
  73  23:55  Probe x2  
  81  24:03  Probe  
  81  24:05  Probe  
  81  24:06  Probe  
Show
View Real Time Build Order
Export as new Build Order

TerranYOUup Terran - Winner!

Build Orders: 2 Factory, Cyclone Opening, Mech 

Get SALT Encoding   

  12  0:00  SCV  
  13  0:12  SCV  
  14  0:18  Supply Depot  
  14  0:24  SCV  
  14  0:28  Refinery  
  15  0:39  SCV  
  16  0:46  Barracks  
  16  0:51  SCV  
  17  0:59  Refinery  
  17  1:03  SCV  
  18  1:16  SCV  
  19  1:28  SCV  
  20  1:34  Factory  
  20  1:40  Orbital Command  
  20  1:47  Factory  
  20  1:51  Barracks Tech Lab  
  20  2:01  Supply Depot  
  20  2:06  SCV  
  21  2:17  Barracks Tech Lab  
  21  2:18  SCV  
  22  2:28  Cyclone  
  25  2:30  SCV  
  25  2:36  Supply Depot  
  26  2:46  Cyclone  
  29  3:00  Cyclone  
  32  3:13  Command Center  
  32  3:16  SCV  
  36  3:44  Command Center  
  33  3:53  Siege Tank x2  
  39  4:03  Engineering Bay  
  39  4:24  Orbital Command  
  36  4:43  Missile Turret, SCV  
  37  4:50  Siege Tank x2  
  43  4:55  Missile Turret  
  43  4:56  SCV  
  44  5:00  SCV  
  44  5:01  Orbital Command  
  45  5:08  SCV, Refinery  
  46  5:22  SCV x2  
  48  5:39  SCV x3  
  51  5:45  Factory  
  51  5:47  Factory  
  51  5:51  Factory, SCV x3  
  51  5:52  Factory  
  54  5:58  Armory  
  41  6:25  Siege Tank x2  
  47  6:36  SCV x3  
  50  6:40  Factory Tech Lab, Factory Reactor  
  50  6:42  Factory Reactor  
  50  6:47  Factory Reactor  
  50  6:52  SCV x3  
  53  6:57  Refinery  
  53  7:00  Supply Depot  
  53  7:01  Supply Depot  
  53  7:03  Supply Depot  
  53  7:07  Supply Depot  
  53  7:11  SCV x3, Supply Depot  
  56  7:16  Infernal Pre-Igniter  
  56  7:17  Terran Vehicle Weapons Level 1  
  56  7:21  Hellion x2  
  56  7:22  Hellion  
  62  7:23  Hellion  
  62  7:26  Hellion  
  62  7:29  Hellion  
  68  7:42  Missile Turret  
  68  7:44  SCV x3  
  68  7:46  Missile Turret  
  68  7:47  Hellion x3  
  68  7:49  Hellion  
  79  8:00  Hellion  
  79  8:01  Hellion  
  79  8:03  SCV x3  
  86  8:07  Siege Tank  
  89  8:15  SCV x3  
  92  8:21  Missile Turret  
  92  8:25  Missile Turret  
  92  8:26  Siege Tank  
  92  8:27  SCV x2, Siege Tank  
  98  8:30  Orbital Command  
  96  8:48  Siege Tank  
  99  8:59  Siege Tank x2  
  99  9:00  SCV  
  99  9:01  SCV x2  
  108  9:16  SCV  
  109  9:28  Missile Turret  
  109  9:33  Supply Depot  
  109  9:34  Supply Depot  
  109  9:40  Supply Depot  
  109  9:42  Supply Depot  
  109  9:43  Supply Depot  
  106  9:45  SCV  
  106  9:46  SCV, Hellion x2  
  106  9:50  Hellion x2  
  101  9:54  Siege Tank  
  101  9:55  Siege Tank  
  101  9:56  Hellion x2  
  108  10:08  Refinery, Cyclone  
  108  10:09  Hellion x2  
  108  10:12  Sensor Tower, SCV x2, Refinery  
  117  10:18  Terran Vehicle Weapons Level 2  
  117  10:24  Mag-Field Accelerator  
  117  10:26  Cyclone  
  117  10:28  Cyclone  
  123  10:32  Hellion x2  
  123  10:33  Hellion x3  
  133  10:50  Missile Turret  
  133  10:54  Supply Depot x2  
  133  10:56  Supply Depot  
  133  11:06  Command Center  
  133  11:16  Cyclone  
  136  11:23  Supply Depot  
  136  11:24  Supply Depot  
  136  11:26  Supply Depot  
  140  11:33  Hellion x6  
  140  11:34  Siege Tank x2  
  140  11:38  Supply Depot  
  140  11:39  Supply Depot  
  154  11:40  Supply Depot  
  154  11:50  SCV x2  
  154  11:51  SCV  
  157  12:02  SCV  
  158  12:30  Thor x3  
  165  12:59  Hellion x4  
  165  13:00  Hellion x2  
  177  13:13  Thor x3  
  189  13:25  Hellion x5  
  189  13:26  Hellion  
  145  13:44  SCV x3  
  145  13:46  Planetary Fortress  
  148  13:55  Thor  
  148  13:56  Refinery, Thor, SCV  
  148  13:58  Command Center  
  148  14:00  Refinery  
  148  14:02  Missile Turret  
  161  14:03  Cyclone  
  161  14:04  Hellion  
  162  14:35  Cyclone  
  125  14:38  Cyclone  
  125  14:39  Siege Tank, Hellion x4  
  125  14:40  Hellion x2  
  127  14:57  Starport x2  
  121  15:00  Starport  
  121  15:01  Starport  
  109  15:07  Siege Tank  
  109  15:11  Siege Tank  
  115  15:26  Hellion x2  
  115  15:27  Hellion x4  
  115  15:28  Siege Tank  
  130  15:39  Siege Tank  
  133  15:43  Siege Tank  
  136  15:52  Missile Turret  
  136  16:00  Siege Tank  
  139  16:08  Hellion x6  
  139  16:09  Starport Tech Lab x4  
  151  16:13  Siege Tank  
  151  16:15  Hellion  
  151  16:18  Planetary Fortress  
  153  16:29  Hellion x3  
  153  16:30  Hellion x2  
  160  16:37  Hyperflight Rotors  
  160  16:43  Siege Tank  
  160  16:44  Siege Tank, Banshee x2, Hellion  
  160  16:45  Siege Tank, Banshee x2  
  183  16:51  Hellion x2  
  187  16:58  Cloaking Field  
  153  17:18  Siege Tank x3  
  153  17:19  Hellion x3  
  129  17:27  Banshee x3  
  129  17:28  Banshee  
  119  17:46  Hellion x4  
  127  17:57  Siege Tank x3  
  136  17:59  SCV  
  137  18:10  Banshee x4  
  149  18:18  Command Center  
  149  18:24  Hellion x3  
  155  18:34  Hellion x2  
  155  18:42  Siege Tank x3  
  155  18:43  Hellion x3  
  155  18:46  Hellion x3  
  176  18:53  Banshee x4  
  174  19:17  Siege Tank x3, Hellion x2  
  144  19:18  Hellion x4  
  150  19:39  Hellion x6, Command Center  
  157  19:49  Siege Tank x3  
  152  20:00  Hellion x2  
  152  20:05  SCV x4  
  160  20:09  Refinery  
  160  20:10  Refinery  
  160  20:21  Siege Tank x3  
  166  20:22  Command Center  
  169  20:32  Hellion x4  
  150  20:48  Hellion x2  
  145  20:53  Siege Tank x3, Hellion  
  152  21:16  Banshee x4  
  150  21:20  Hellion x4  
  150  21:25  Siege Tank x3  
  160  21:35  Hellion x2  
  160  21:38  SCV  
  160  21:39  SCV x2  
  167  21:41  Hellion  
  167  21:42  Hellion x2  
  167  21:43  Planetary Fortress  
  167  21:44  Planetary Fortress  
  167  21:46  Missile Turret  
  167  21:57  Siege Tank x3  
  171  22:09  SCV x3  
  171  22:12  Planetary Fortress  
  168  22:25  Missile Turret  
  168  22:26  Missile Turret  
  168  22:28  Missile Turret  
  168  22:29  Cyclone x3  
  183  22:30  Viking x3, Hellion x5  
  183  22:31  Viking  
  179  23:08  Hellion x3  
  179  23:09  Hellion x3  
  180  23:25  Cyclone x3  
  189  23:29  Hellion  
  189  23:30  Hellion x5  
  199  23:40  Command Center x2  
  199  23:43  Command Center  
  199  23:45  Refinery  
  199  23:46  Command Center  
  199  23:48  Command Center  
Tags
 
Add a new tag
Caveats
  • Supply blocks, unpowered buildings, or Contaminate may cause inaccurate times.
  • Supply counts are checked every 10 seconds.